 Dungeon Crawl Stone Soup version 0.29-a0-384-g6960b1960d (webtiles) character file.

Game seed: 2321463991319342626

23006 YayAnonymity the Severer (level 13, -4/116 HPs)
             Began as a Hill Orc Fighter on May 8, 2022.
             Was a Priest of the Shining One.
             Slain by a five-headed hydra (11 damage)
             ... on level 13 of the Dungeon.
             The game lasted 00:20:34 (14630 turns).

YayAnonymity the Severer (Hill Orc Fighter)        Turns: 14630, Time: 00:20:35

Health: -4/116     AC: 25    Str: 24    XL:     13   Next: 3%
Magic:  28/33      EV:  7    Int: 13    God:    the Shining One [***...]
Gold:   754        SH: 19    Dex: 10    Spells: 12/12 levels left

rFire   . . .      SeeInvis .   b - +6 flail
rCold   + + .      Faith    .   G - +0 kite shield
rNeg    + . .      Spirit   .   v - +8 chain mail of Eternal Vigilance {Rampage}
rPois   +          Reflect  .   c - +3 hat of Pondering {ponderous, Will+ MP+10 Int+5}
rElec   .          Harm     .   u - +0 cloak
rCorr   .          Rampage  +   (no gloves)
Will    +....                   w - +0 pair of boots
Stlth   ..........              N - amulet "Pengahac" {rPois rC++ Regen+ Slay+3}
HPRegen 1.09/turn               k - +4 ring of slaying
MPRegen 0.23/turn               C - +4 ring of slaying

@: divinely shielded, glowing, slow
A: no striking features
a: Renounce Religion, Divine Shield, Cleansing Flame


You were on level 13 of the Dungeon.
You worshipped the Shining One.
The Shining One was most pleased with you.
You visited 2 branches of the dungeon, and saw 14 of its levels.

You collected 786 gold pieces.
You spent 32 gold pieces at shops.

Inventory:

Hand Weapons
 a - a +1 war axe
 b - a +6 flail (weapon)
 y - a +5 battleaxe
Missiles
 h - 6 javelins
 m - 22 poisoned darts (quivered)
 F - 8 silver boomerangs
Armour
 c - the +3 hat of Pondering (worn) {ponderous, Will+ MP+10 Int+5}
   (You took it off Gastronok on level 8 of the Dungeon)

   Int:       It affects your intelligence (+5).
   MP:        It affects your magic capacity (+10).
   Will:      It increases your willpower.
 u - a +0 cloak (worn)
 v - the +8 chain mail of Eternal Vigilance (worn) {Rampage}
   (You found it on level 5 of the Dungeon)

   Rampage:   It bestows one free step when moving towards enemies.
 w - a +0 pair of boots (worn)
 G - a +0 kite shield (worn)
Jewellery
 k - a +4 ring of slaying (left hand)
 o - a ring of positive energy
 A - an amulet of reflection
 C - a +4 ring of slaying (right hand)
 H - a ring of resist corrosion
 N - the amulet "Pengahac" (around neck) {rPois rC++ Regen+ Slay+3}
   (You acquired it on level 11 of the Dungeon)

   [amulet of regeneration]

   Slay:      It affects your accuracy & damage with ranged weapons and melee
   (+3).
   rC:        It greatly protects you from cold.
   rPois:     It protects you from poison.
   Regen:     It increases your rate of health regeneration.
Wands
 D - a wand of acid (16)
 L - a wand of mindburst (6)
Scrolls
 f - 3 scrolls of fog
 i - 2 scrolls of enchant weapon
 p - a scroll of blinking
 r - 8 scrolls of teleportation
 s - 2 scrolls of enchant armour
 I - a scroll of silence
Potions
 d - 3 potions of attraction
 e - a potion of invisibility {unknown}
 g - 5 potions of curing
 j - 2 potions of heal wounds
 l - 4 potions of flight
 n - 4 potions of mutation
 q - 2 potions of lignification {unknown}
 x - 3 potions of resistance
 z - 3 potions of cancellation
 E - 2 potions of ambrosia {unknown}
 O - 2 potions of magic {unknown}


   Skills:
 + Level 11.5 Fighting
 + Level 16.7 Axes
 + Level 3.3 Throwing
 + Level 10.8 Armour
 - Level 4.0 Shields
 + Level 13.5 Invocations


You had 12 spell levels left.
You didn't know any spells.
Your spell library contained the following spells:

 Spells                   Type           Power      Damage    Failure   Level
 Animate Skeleton         Necr           0%         N/A       99%         1
 Apportation              Tloc           0%         N/A       99%         1
 Beastly Appendage        Tmut           0%         N/A       99%         1
 Summon Small Mammal      Summ           0%         N/A       99%         1
 Call Imp                 Summ           0%         N/A       100%        2
 Corpse Rot               Necr/Air       0%         N/A       100%        2
 Poisonous Vapours        Pois/Air       0%         N/A       100%        2
 Wereblood                Tmut           0%         N/A       100%        2
 Ignite Poison            Fire/Tmut/Pois 0%         N/A       100%        3
 Spider Form              Tmut/Pois      0%         N/A       100%        3
 Summon Ice Beast         Ice/Summ       0%         N/A       100%        4
 Iskenderun's Battlesphe  Conj           0%         2d6       100%        5
 Iron Shot                Conj/Erth      0%         9d1       100%        6
 Spellforged Servitor     Conj/Summ      0%         N/A       100%        7
 Summon Hydra             Summ           0%         N/A       100%        7


Dungeon Overview and Level Annotations

Branches:
Dungeon (13/15)            Temple (1/1) D:4            Lair (0/6) D:11
    Orc (0/2) D:9
 Vaults: D:13-14

Altars:
Ashenzari
Cheibriados
Dithmenos
Elyvilon
Fedhas
Gozag
Hepliaklqana
Kikubaaqudgha
Makhleb
Nemelex Xobeh
Okawaru
Qazlal
Ru
Sif Muna
Trog
Uskayaw
Vehumet
Wu Jian
Xom
Yredelemnul
Zin
The Shining One

Shops:
D:6 :   D:9 *

Annotations:
D:9 3 runed translucent doors, zeratav's ghost, novice TeCj


Message History

You hear an angry hiss.
You hear a howl!
You hear a shout!
You hear a horrible gurgling sound!
You hear a shout!
You block the orc knight's attack. The human hits you.
* * * LOW HITPOINT WARNING * * *
The five-headed hydra bites you!
* * * LOW HITPOINT WARNING * * *
The five-headed hydra bites you.
* * * LOW HITPOINT WARNING * * *
The five-headed hydra bites you.
* * * LOW HITPOINT WARNING * * *
The five-headed hydra closely misses you.
The five-headed hydra bites you but does no damage.
You feel much better.
The orc knight hits you but does no damage.
You block the human's attack. The five-headed hydra bites you.
* * * LOW HITPOINT WARNING * * *
You block the five-headed hydra's attack.
The five-headed hydra bites you.
* * * LOW HITPOINT WARNING * * *
The five-headed hydra bites you but does no damage.
You block the five-headed hydra's attack.
You thump the five-headed hydra!
The five-headed hydra is heavily wounded.
The orc knight hits you from afar with a +3 glaive!
* * * LOW HITPOINT WARNING * * *
You block the human's attack. The five-headed hydra bites you.
* * * LOW HITPOINT WARNING * * *
The five-headed hydra closely misses you.
The five-headed hydra bites you.
* * * LOW HITPOINT WARNING * * *
The five-headed hydra barely misses you.
You block the five-headed hydra's attack.
You thump the five-headed hydra!
The five-headed hydra is severely wounded.
You block the orc knight's attack. You block the human's attack.
The five-headed hydra bites you but does no damage. x3
The five-headed hydra bites you.
* * * LOW HITPOINT WARNING * * *
The five-headed hydra bites you!
You die...

***..≈.≈≈.........≈..≈..*
**,,,,,
,*,..≈≈≈...∩..≈.[.≈≈≈...*
*,,,,,
,≈≈≈.≈...≈....≈≈≈≈≈≈≈≈..*
**,,,,,
,,≈≈.≈...≈≈.....≈.≈≈≈≈.#*
*,,,*,,
***..≈≈≈≈≈≈≈≈≈≈≈≈≈≈≈.≈.#
**,,**,,
*#....≈....≈.≈≈...≈≈≈#**,,**,,,
*###≈.≈≈...≈≈≈.....##,,,**,,,,
#..######.........,,,,,,,**
#.#* ###p@.......,,,,,,** #.*
#.pD†..#####,,,,,**
***,****#.po#### ***,,** *
****,,,,,.....## **** *
*,,,,***####..**** *
*,**,,,,,,○...,,,*** *
*,**,,,,,,....,,,,,******** *
*,**,,,,,.....,,**,,,,,^,,***
*,**,,,,......,,*****,,,,,,,*


You could see a five-headed hydra, an orc knight and 3 humans.

Vanquished Creatures
  Gastronok (D:8)
  Fannar (D:12)
  A hydra (D:11)
  A boulder beetle (D:13)
  A centaur warrior (D:13)
  5 two-headed ogres
  Urug (D:12)
  An ugly thing (D:12)
  2 cyclopes (D:12)
  Maurice (D:10)
  A gargoyle (D:12)
  An unseen horror (D:12)
  Maggie (D:7)
  3 trolls
  A hornet (D:9)
  Prince Ribbit (D:7)
  2 polar bears (D:13)
  2 centaur simulacra (D:13)
  3 wyverns
  Sigmund (D:6)
  13 humans (D:13)
  24 yaks
  3 wraiths
  A shadow (D:12)
  Grum (D:8)
  A steam dragon (D:9)
  Menkaure (D:7)
  3 wargs (D:11)
  3 orc warriors
  A water moccasin (D:8)
  4 black bears
  2 ice beasts
  3 ogres
  A centaur (D:9)
  4 wolves
  A phantom (D:5)
  3 kobold brigands
  2 bullfrogs
  2 gnoll sergeants (D:8)
  2 scorpions
  5 wights
  14 killer bees
  5 howler monkeys
  7 electric eels
  2 hounds
  11 orc priests
  A gnoll shaman (D:3)
  3 jellies
  An iguana (D:6)
  Terence (D:3)
  Natasha (thrice) (D:3)
  17 orc wizards
  16 gnolls
  7 adders
  2 shadow imps
  3 white imps
  2 worms (D:2)
  3 dart slugs
  64 orcs
  4 endoplasms
  4 giant cockroaches
  8 goblins
  8 hobgoblins
  15 kobolds
  5 quokkas
  10 bats
  A frilled lizard (D:3)
  5 rats
333 creatures vanquished.

Vanquished Creatures (others)
  89 plants
89 creatures vanquished.

Grand Total: 422 creatures vanquished

Notes
Turn   | Place    | Note
-------+----------+-------------------------------------------
     0 | D:1      | YayAnonymity the Hill Orc Fighter began the quest for the
                  | Orb.
     0 | D:1      | Reached XP level 1. HP: 19/19 MP: 1/1
   164 | D:1      | Found a faded altar of an unknown god.
   164 | D:1      | Noticed a sixfirhy
   202 | D:1      | Reached skill level 3 in Axes
   352 | D:1      | Reached XP level 2. HP: 27/27 MP: 2/2
  1021 | D:2      | Reached XP level 3. HP: 33/33 MP: 3/3
  1123 | D:2      | Reached skill level 4 in Axes
  1702 | D:3      | Noticed Terence
  1707 | D:3      | Reached XP level 4. HP: 32/40 MP: 4/4
  1716 | D:3      | Killed Terence
  2009 | D:3      | Reached skill level 5 in Axes
  2009 | D:3      | Reached XP level 5. HP: 13/47 MP: 5/5
  2241 | D:3      | Got the Disquisition on Supportive Toxins
  2579 | D:3      | Noticed Natasha
  2583 | D:3      | Killed Natasha
  2653 | D:3      | Reached skill level 5 in Fighting
  2653 | D:3      | Reached skill level 6 in Axes
  2653 | D:3      | Reached XP level 6. HP: 8/56 MP: 6/6
  3711 | D:3      | Noticed Natasha
  3730 | D:3      | Killed Natasha
  4062 | D:3      | Noticed Natasha
  4072 | D:3      | Killed Natasha
  5180 | D:4      | Reached skill level 7 in Axes
  5180 | D:4      | Reached skill level 5 in Armour
  5182 | D:4      | Reached XP level 7. HP: 42/61 MP: 7/7
  5426 | D:4      | Found a staircase to the Ecumenical Temple.
  5578 | D:4      | Reached skill level 8 in Axes
  5847 | Temple   | Entered the Ecumenical Temple
  5867 | Temple   | Became a worshipper of the Shining One
  6001 | D:5      | Entered Level 5 of the Dungeon
  6083 | D:5      | Reached skill level 9 in Axes
  6479 | D:5      | Reached skill level 10 in Axes
  6479 | D:5      | Reached XP level 8. HP: 68/68 MP: 8/8
  6694 | D:5      | Identified the +8 chain mail of Eternal Vigilance {Rampage}
  6940 | D:6      | Reached * piety under the Shining One
  6949 | D:6      | Reached skill level 1 in Invocations
  6950 | D:6      | Reached skill level 11 in Axes
  6969 | D:6      | Noticed Sigmund
  7180 | D:6      | Killed Sigmund
  7406 | D:6      | Found Maipnero's Book Shoppe.
  7643 | D:6      | Found an ancient bone altar of Kikubaaqudgha.
  7742 | D:6      | Found a hazy altar of Hepliaklqana.
  7893 | D:6      | Reached skill level 12 in Axes
  8094 | D:6      | Reached XP level 9. HP: 72/74 MP: 12/12
  8101 | D:6      | Reached skill level 5 in Invocations
  8128 | D:6      | Reached skill level 13 in Axes
  8207 | D:7      | Reached ** piety under the Shining One
  8480 | D:7      | Noticed Maggie
  8496 | D:7      | Killed Maggie
  8506 | D:7      | Reached skill level 14 in Axes
  8524 | D:7      | Noticed Menkaure
  8528 | D:7      | Killed Menkaure
  8731 | D:7      | Noticed Prince Ribbit
  8735 | D:7      | Killed Prince Ribbit
  8972 | D:7      | Reached XP level 10. HP: 76/81 MP: 15/15
  9196 | D:8      | Noticed a two-headed ogre
  9203 | D:8      | Killed a two-headed ogre
  9204 | D:8      | Reached skill level 15 in Axes
  9328 | D:8      | Noticed Grum
  9341 | D:8      | Killed Grum
  9495 | D:8      | Reached skill level 16 in Axes
  9547 | D:8      | Noticed Gastronok
  9607 | D:8      | Killed Gastronok
  9608 | D:8      | Reached XP level 11. HP: 73/92 MP: 16/18
 10098 | D:9      | Reached skill level 10 in Invocations
 10300 | D:9      | Found a runed translucent gate.
 10348 | D:9      | Found a staircase to the Orcish Mines.
 10659 | D:9      | Found Ifuwn's General Store.
 10670 | D:9      | Bought a scroll of identify for 32 gold pieces
 11023 | D:9      | Found a runed translucent gate.
 11023 | D:9      | Noticed zeratav's ghost (novice TeCj)
 11023 | D:9      | Noticed a cyclops
 11026 | D:9      | Found a runed translucent gate.
 11426 | D:10     | Entered Level 10 of the Dungeon
 11771 | D:10     | Reached *** piety under the Shining One
 11771 | D:10     | Noticed a two-headed ogre
 11777 | D:10     | Killed a two-headed ogre
 11913 | D:10     | Noticed Maurice
 11926 | D:10     | Killed Maurice
 11998 | D:10     | Found a white marble altar of Elyvilon.
 11999 | D:10     | Found an iron altar of Okawaru.
 12000 | D:10     | Found a stormy altar of Qazlal.
 12106 | D:10     | Found a shimmering altar of Xom.
 12114 | D:10     | Found a broken altar of Ashenzari.
 12115 | D:10     | Found a sacrificial altar of Ru.
 12541 | D:10     | Found a burning altar of Makhleb.
 12637 | D:10     | Noticed a two-headed ogre
 12647 | D:10     | Killed a two-headed ogre
 12755 | D:11     | Found a staircase to the Lair.
 12897 | D:11     | Noticed a six-headed hydra
 12906 | D:11     | Killed an eight-headed hydra
 12907 | D:11     | Reached XP level 12. HP: 64/106 MP: 21/21
 13267 | D:11     | Identified a scroll of acquirement
 13267 | D:11     | Acquired the amulet "Pengahac" {rPois rC++ Regen+ Slay+3}
 13296 | D:11     | Reached skill level 10 in Fighting
 13300 | D:11     | Noticed a two-headed ogre
 13305 | D:11     | Killed a two-headed ogre
 13760 | D:12     | Noticed Urug
 13772 | D:12     | Killed Urug
 13898 | D:12     | Reached skill level 10 in Armour
 13986 | D:12     | Noticed Fannar
 13987 | D:12     | Reached skill level 1 in Throwing
 14001 | D:12     | Killed Fannar
 14157 | D:12     | Found a shimmering blue altar of Sif Muna.
 14531 | D:13     | Found an iron altar of Okawaru.
 14590 | D:13     | Noticed a boulder beetle
 14591 | D:13     | Noticed a centaur warrior
 14594 | D:13     | Noticed a two-headed ogre
 14608 | D:13     | Killed a centaur warrior
 14611 | D:13     | Killed a boulder beetle
 14612 | D:13     | Noticed a four-headed hydra
 14617 | D:13     | Killed a two-headed ogre
 14618 | D:13     | Reached XP level 13. HP: 57/116 MP: 23/23
 14627 | D:13     | HP: 4/116 [five-headed hydra (4)]
 14630 | D:13     | Slain by a five-headed hydra

Illustrated notes

Levels and vault maps discovered:
D:1:      psy_arrival_fountain, layout_loops_corners,
          dreamdust_ecumenical_altar_sealed_demon
D:2:      layout_loops_cross
D:3:      layout_loops_corners, kennysheep_generic_room_12, uniq_natasha,
          uniq_terence
D:4:      black_bear_nest_1, layout_cave_pools, temple_doors_e, serial_bayou,
          serial_bayou_shore_b, serial_bayou_pond_e, serial_bayou_shore_a,
          serial_bayou_pond_d, serial_bayou_lake_a, roderic_batcave
D:5:      layout_loops_cross
D:6:      cheibrodos_quashed, layout_layer_cave, kennysheep_little_box,
          mainiacjoe_overflow_surrounded_room, serial_shops,
          nicolae_shop_competitors_out_of_business, uniq_sigmund
D:7:      layout_cave_pools, uniq_menkaure, uniq_maggie, uniq_prince_ribbit1
D:8:      layout_rooms, minmay_fractal_squares_gapless_5, uniq_gastronok,
          uniq_grum
D:9:      layout_roguey, hiddenorc2_lemuel, serial_bayou, serial_bayou_pond_d,
          serial_bayou_pond_c, serial_bayou_lagoon_b, serial_bayou_lagoon_a,
          gammafunk_ghost_split, serial_shops, nicolae_shop_trees
D:10:     layout_gridville, lightli_temple_of_fire, grunt_temple_overflow_open,
          minitemple, uniq_maurice
D:11:     layout_basic, erik_lair_orcish_takeover
D:12:     layout_small_grid, led_sif_book, uniq_urug, uniq_fannar
D:13:     layout_layer_cave, david_vaults_3, serial_ice, serial_ice_j,
          serial_ice_e, serial_ice_d, serial_ice_n,
          portal_ice_cave_entry_pillars_2, okawaru_metal_pillars_1_2
Temple:   dshaligram_water_room_temple

Skill      XL: |  1  2  3  4  5  6  7  8  9 10 11 12 |
---------------+-------------------------------------+-----
Axes           | 3 4 5 6 7 10 12 14 16 | 16.7
Fighting       | 4 5 7 9 11 | 11.5
Armour         | 4 5 7 9 10 | 10.8
Invocations    | 4 7 9 12 13 | 13.5
Shields        | 4 |  4.0
Throwing       | 3 |  3.3

Action                   |  1- 3 |  4- 6 |  7- 9 | 10-12 | 13-15 || total
-------------------------+-------+-------+-------+-------+-------++-------
Melee: War axe           |    95 |   124 |   177 |   405 |     4 ||   805
       Flail             |       |       |       |     5 |     4 ||     9
Throw: Dart              |       |       |       |    11 |       ||    11
Invok: Divine Shield     |       |       |       |     3 |       ||     3
       Cleansing Flame   |       |       |       |       |     1 ||     1
  Use: Potion            |       |     1 |       |       |     2 ||     3
       Scroll            |       |     9 |     6 |     9 |       ||    24
Armor: Scale mail        |    38 |    69 |    28 |       |       ||   135
       Chain mail        |       |       |    54 |   224 |    18 ||   296
Dodge: Dodged            |    40 |    62 |    54 |    86 |    10 ||   252
Block: Buckler           |    24 |    35 |    73 |    16 |       ||   148
       Reflection        |       |       |     3 |     2 |       ||     5
       Kite shield       |       |       |       |   189 |    27 ||   216

Table legend: (Time is in decaauts)
 A = Elapsed time spent in this place.
 B = Non-inter-level travel time spent in this place.
 C = Inter-level travel time spent in this place.
 D = Time resting spent in this place.
 E = Time spent auto-exploring this place.
 F = Levels seen in this place.
 G = Mean time per level.
                   A        B        C        D        E       F      G
               +--------+--------+--------+--------+--------+-----+--------+
         Total |  15071 |  14123 |    948 |   1057 |  10910 |  14 | 1076.5 |
       Dungeon |  14937 |  14011 |    926 |   1057 |  10816 |  13 | 1149.0 |
        Temple |    134 |    112 |     22 |      0 |     94 |   1 |  134.0 |
               +--------+--------+--------+--------+--------+-----+--------+

Top non-repeatable levels by time:
     D:3: 3326 daAuts
     D:9: 1509 daAuts
    D:10: 1269 daAuts
    D:11: 1158 daAuts
     D:6: 1153 daAuts
     D:7: 1108 daAuts
     D:5: 1050 daAuts
     D:1: 984 daAuts
     D:4: 928 daAuts
    D:12: 811 daAuts
     D:8: 785 daAuts
     D:2: 750 daAuts
  Temple: 134 daAuts
    D:13: 99 daAuts
